 Dungeon Crawl Stone Soup version 0.15.0-12-gccce430 (console) character file.

1030 gw the Basher (level 8, -5/126 HPs)
             Began as an Ogre Berserker on Sept 1, 2014.
             Was a Priest of Trog.
             Slain by a two-headed ogre
             ... wielding a +0 giant spiked club
              (14 damage)
             ... on Level 6 of the Dungeon.
             The game lasted 00:03:59 (8293 turns).

gw the Basher (Ogre Berserker)                      Turns: 8293, Time: 00:03:59

HP  -5/126       AC  3     Str 28      XL: 8   Next: 23%
MP   8/8         EV 11     Int  6      God: Trog [***...]
Gold 0           SH  0     Dex 11      Spells:  0 memorised,  7 levels left

rFire  . . .     SeeInvis +     m - -1 giant spiked club (curse)
rCold  . . .     Clarity  .     b - +0 animal skin
rNeg   . . .     rCorr    .     (shield restricted)
rPois  .         rRot     .     (helmet restricted)
rElec  .         Spirit   .     (no cloak)
SustAb .         Warding  .     (gloves unavailable)
rMut   .         Stasis   .     (boots unavailable)
Gourm  .                        (no amulet)
MR     ++...                    c - ring of see invisible
                                i - cursed ring of loudness

@: berserking, regenerating, very quick, very resistant to hostile enchantments,
extremely unstealthy
A: unfitting armour, tough skin 1
a: Burn Spellbooks, Berserk, Trog's Hand, Renounce Religion


You were on level 6 of the Dungeon.
You worshipped Trog.
Trog was most pleased with you.
You were not hungry.

You visited 1 branch of the dungeon, and saw 6 of its levels.

Inventory:

Hand weapons
 m - a cursed -1 giant spiked club (weapon)
Missiles
 f - 6 poisoned tomahawks
 h - 4 tomahawks of returning
 j - 83 stones (quivered)
 l - 6 tomahawks
Armour
 b - a +0 animal skin (worn)
Magical devices
 e - a wand of random effects (11)
 k - a wand of slowing (6) {unknown}
 n - a wand of polymorph (7)
Comestibles
 o - 4 chunks of ogre flesh
 q - a beef jerky
 s - a meat ration
 t - 3 bread rations
Scrolls
 a - 6 scrolls of remove curse
 d - 11 scrolls of identify
 p - 2 scrolls of teleportation
Jewellery
 c - a ring of see invisible (right hand)
 i - a cursed ring of loudness (left hand)
Potions
 g - 7 potions of curing
 r - a potion of berserk rage


   Skills:
 + Level 6.8 Fighting
 * Level 8.6 Maces & Flails
 + Level 4.4 Throwing
 + Level 4.8 Dodging


You had 7 spell levels left.
You didn't know any spells.

Dungeon Overview and Level Annotations

Branches:
Dungeon (6/15)
 Temple: D:4-7

Altars:
Sif Muna
Yredelemnul
Zin

Shops:
D:4 %   D:5 *


Innate Abilities, Weirdness & Mutations

You are too large for most types of armour.
You have tough skin (AC +1).


Message History

Your skin crawls.
You feel resistant to hostile enchantments.
You feel slightly more hungry.
You are feeling hungry.
Eat one of 5 chunks of ogre flesh? (ye/n/q/i?) This raw flesh tastes terrible.
The two-headed ogre barely misses you.
The two-headed ogre hits you with a giant club!!
You feel the effects of Trog's Hand fading.
The two-headed ogre hits you with a giant spiked club!!
The two-headed ogre hits you with a giant club!!
Use which ability? (? or * to list)
A red film seems to cover your vision as you go berserk!
You feel yourself moving faster!
You feel mighty!
You feel somewhat more hungry. The two-headed ogre barely misses you.
The two-headed ogre closely misses you.
ATTACKING (1,0)
You puncture the two-headed ogre!
The two-headed ogre is heavily wounded.
The two-headed ogre hits you with a giant spiked club!!
The two-headed ogre hits you with a giant club!
You die...

#.##.#
#.).......
#.##.#
#.####..##
#.##.#
#.#<)...#
#.##.#
#.#)##.##
#.# .
#.#.##.#
#.#
#.#.##..
#.#
#.#.####
#####(#
#.#[######
#..(OO#
#.........
#.####...#
#.........
.###
#.#.######
.........#
...###.#..
...
.....##
....##.###
. . #.#
.$#


You could see a two-headed ogre.

Table legend:
 A = Turns spent in this place as a percentage of turns spent in the entire game.
 B = Non-inter-level travel turns spent in this place as a percentage of non-inter-level travel turns spent in the entire game.
 C = Inter-level travel turns spent in this place as a percentage of turns spent in this place.
 D = Turns resting spent in this place as a percentage of non-inter-level travel turns spent in this place.
 E = Turns spent auto-exploring this place as a percentage of non-inter-level travel turns spent in this place.
 F = Non-inter-level travel turns spent in this place divided by the number of levels of this place that you've seen.
                   A       B       C       D       E      F
               +-------+-------+-------+-------+-------+----------------------
         Total | 100.0 | 100.0 |   1.2 |  11.8 |  15.8 | 290.5
       Dungeon | 100.0 | 100.0 |   1.2 |  11.8 |  15.8 | 290.5
               +-------+-------+-------+-------+-------+----------------------

Table legend:
 A = Kills in this place as a percentage of kills in entire the game.
 B = Kills by you in this place as a percentage of kills by you in the entire game.
 C = Kills by friends in this place as a percentage of kills by friends in the entire game.
 D = Other kills in this place as a percentage of other kills in the entire game.
 E = Experience gained in this place as a percentage of experience gained in the entire game.
 F = Experience gained in this place divided by the number of levels of this place that you have seen.
                   A       B       C       D       E      F
               +-------+-------+-------+-------+-------+----------------------
         Total | 100.0 | 100.0 |  -nan |  -nan | 100.0 | 245.3
       Dungeon | 100.0 | 100.0 |  -nan |  -nan | 100.0 | 245.3
               +-------+-------+-------+-------+-------+----------------------

Vanquished Creatures
  Eustachio (D:5)
  An ice beast (D:4)
  A phantom (D:4)
  2 ogres
  The ghost of crashb the Slasher, a weakling HOGl (D:3)
  A crimson imp (D:5)
  2 hounds
  An orc wizard (D:4)
  An orc priest (D:4)
  A worker ant (D:4)
  6 gnolls
  11 adders
  A shadow imp (D:5)
  A scorpion zombie (D:6)
  A white imp (D:5)
  A giant mite (D:5)
  2 worms (D:3)
  4 giant geckos
  2 oozes
  15 orcs
  3 ball pythons
  3 giant cockroaches
  5 hobgoblins
  11 jackals
  2 quokkas
  17 bats
  5 giant newts
  A giant spore (D:6)
  15 goblins
  12 kobolds
  A kobold skeleton (D:4)
  9 rats
  A ballistomycete (D:6)
141 creatures vanquished.

Notes
Turn   | Place    | Note
--------------------------------------------------------------
     0 | D:1      | gw, the Ogre Berserker, began the quest for the Orb.
     0 | D:1      | Reached XP level 1. HP: 24/24 MP: 1/1
   174 | D:1      | Reached XP level 2. HP: 30/32 MP: 2/2
   536 | D:1      | Acquired Trog's second power
   536 | D:1      | Reached skill level 1 in Throwing
   667 | D:1      | Reached XP level 3. HP: 30/40 MP: 3/3
  1432 | D:2      | Reached XP level 4. HP: 49/49 MP: 4/4
  1642 | D:2      | Reached skill level 5 in Maces & Flails
  1780 | D:2      | Reached skill level 5 in Fighting
  2397 | D:2      | Reached XP level 5. HP: 57/57 MP: 5/5
  3110 | D:3      | Noticed crashb's ghost (weakling HOGl)
  3121 | D:3      | Killed crashb's ghost
  3499 | D:3      | Reached XP level 6. HP: 57/66 MP: 6/6
  3538 | D:3      | Found a basalt altar of Yredelemnul.
  3813 | D:3      | Found a deep blue altar of Sif Muna.
  3870 | D:3      | Reached skill level 6 in Maces & Flails
  4348 | D:4      | Acquired Trog's third power
  4349 | D:4      | Found a glowing silver altar of Zin.
  5127 | D:4      | Reached XP level 7. HP: 20/74 MP: 7/7
  5754 | D:4      | Found Thruafaxai's Food Emporium.
  6450 | D:4      | Reached skill level 7 in Maces & Flails
  6810 | D:5      | Entered Level 5 of the Dungeon
  6882 | D:5      | Noticed Eustachio
  6897 | D:5      | Killed Eustachio
  7206 | D:5      | Reached skill level 8 in Maces & Flails
  7259 | D:5      | Found Pukeischo's General Store.
  7354 | D:5      | Reached XP level 8. HP: 44/84 MP: 8/8
  8288 | D:6      | Noticed a two-headed ogre
  8293 | D:6      | Slain by a two-headed ogre

Action                   |  1- 3 |  4- 6 |  7- 9 || total
-------------------------+-------+-------+-------++-------
Melee: Mace              |    88 |   101 |       ||   189
       Flail             |       |    78 |    57 ||   135
       Giant spiked club |       |       |    74 ||    74
Throw: Stone             |    20 |   140 |    89 ||   249
Invok: Berserk           |     2 |     5 |     6 ||    13
       Trog's Hand       |     1 |     1 |     6 ||     8
Evoke: Wand              |       |     1 |     1 ||     2
  Use: Scroll            |     6 |     2 |     6 ||    14
       Potion            |     3 |     1 |     4 ||     8
  Eat: Chunk             |     3 |    11 |    11 ||    25
       Meat ration       |       |     1 |       ||     1
       Fruit             |       |       |     3 ||     3
       Bread ration      |       |       |     1 ||     1

Vault maps used:
D:1:      matt_arrival_grand_opening
D:3:      lemuel_crystal_altar, lemuel_crystal_altar
D:4:      kennysheep_little_box, serial_shops, shop
D:5:      serial_shops, shop, first_bread, minmay_misc_feat_more_columns,
          grunt_ministairs_15, grunt_decor_arrowhead, uniq_eustachio
D:6:      trog_ov_bears_minmay
